Workbook

Sheet 1 Directions
A1: Sole Proprietor Overview
A3: This worksheet helps you collect your business income and expenses for the year, business use of the home, and car expenses.
A4: You may enter monthly or annual amounts into tabs 2, 3, and 4. Enter amounts in cells shaded >>>>>>>
A6: Directions
A8: 1) Enter income and expense by day, month, or year in tab 2 Business Income-Expense
A9: 2) Enter home office square footage and expenses in tab 3 Business Use of Home
A10: 3) Enter car expenses in tab 4 Motor Vehicle Expenses
A11: 4) Review the summary at tab 5 Summary
A12: 5) Upload to your client folder in Financial Cents
A14: Client Information
A16: Your Name
A17: Your Province | B17: NB

Sheet 2 Business Income-Expenses
A1: T2125
D3: SALES | F3: OR | G3: EXPENSES
G4: 8300 | H4: 8320 | I4: 8340 | J4: 8360 | K4: 8450 | L4: 8500 | N4: 8521 | O4: 8523 | P4: 8590 | Q4: 8690 | R4: 8710 | S4: 8760 | T4: 8810 | U4: 8811 | V4: 8860 | W4: 8871 | X4: 8910 | Y4: 8960 | Z4: 9060 | AA4: 9180 | AB4: 9200 | AC4: 9220 | AD4: 9224 | AE4: 9275 | AF4: Other | AG4: Other | AH4: Other
A5: Date | B5: Description | D5: Income | E5: GST Recv'd | G5: Open Inventory | H5: Purchases | I5: Direct Wages | J5: Subcontracts | K5: Other Costs | L5: Close Inventory | N5: Advertising | O5: Meals | P5: Bad Debts | Q5: Insurance | R5: Interest | S5: Fees, Licenses | T5: Office | U5: Supplies | V5: Legal/Acct | W5: Mgmt/Admin | X5: Rent | Y5: Maint | Z5: Wages | AA5: Property Tax | AB5: Travel | AC5: Phone/Utilities | AD5: Fuel | AE5: Freight | AJ5: GST Paid
D6: =SUM(D7:D15002) -> 0 | E6: =SUM(E7:E15002) -> 0 | G6: =SUM(G7:G15002) -> 0 | H6: =SUM(H7:H15002) -> 0 | I6: =SUM(I7:I15002) -> 0 | J6: =SUM(J7:J15002) -> 0 | K6: =SUM(K7:K15002) -> 0 | L6: =SUM(L7:L15002) -> 0 | N6: =SUM(N7:N15002) -> 0 | O6: =SUM(O7:O15002) -> 0 | P6: =SUM(P7:P15002) -> 0 | Q6: =SUM(Q7:Q15002) -> 0 | R6: =SUM(R7:R15002) -> 0 | S6: =SUM(S7:S15002) -> 0 | T6: =SUM(T7:T15002) -> 0 | U6: =SUM(U7:U15002) -> 0 | ... AH6: =SUM(AH7:AH15002) -> 0 | AJ6: =SUM(AJ7:AJ15002) -> 0
AI7: 0
AI8: 0
AI9: 0
AI10: 0
AI11: 0
AI12: 0
AI13: 0
AI14: 0
AI15: 0
AI16: 0
AI17: 0
AI18: 0
... AI7004: 0

Sheet 3 Business Use of Home
A1: Business Use of Home
C3: Business Use | F3: Total Sq. Footage | I3: % Claim Allowable | K3: =IFERROR((E3/H3),"") | L3: Total Expense Claim | N3: =IFERROR((SUM(C6:L6)*K3),"")
A5: Date | C5: Heat | D5: Electricity | E5: Insurance | F5: Maintenance | G5: Mortgage Interest | H5: Property Taxes | I5: Water / Waste | J5: Other | K5: Other | L5: Other | M5: GST Included
A6: =SUM(C6:L6) -> 0 | C6: =SUM(C7:C5000) -> 0 | D6: =SUM(D7:D5000) -> 0 | E6: =SUM(E7:E5000) -> 0 | F6: =SUM(F7:F5000) -> 0 | G6: =SUM(G7:G5000) -> 0 | H6: =SUM(H7:H5000) -> 0 | I6: =SUM(I7:I5000) -> 0 | J6: =SUM(J7:J5000) -> 0 | ... M6: =SUM(M7:M5000) -> 0

Sheet 4 Motor Vehicle Expenses
A1: Vehicle:
A3: Business km's driven | E3: Total km's driven | H3: % Claim Allowable | J3: =IFERROR((D3/G3),"") | L3: Total Expense Claim | N3: =IFERROR((SUM(C6:F6)*J3+SUM(G6:H6)),"")
A5: Date | C5: Fuel | D5: Insurance | E5: License / Registration | F5: Maintenance | G5: Parking | H5: Supplemental Insurance | J5: GST Included | L5: Total Fuel Receipt | M5: GST/HST | N5: Fuel Expense
A6: =SUM(C6:H6) -> 0 | C6: =SUM(C7:C5000) -> 0 | D6: =SUM(D7:D5000) -> 0 | E6: =SUM(E7:E5000) -> 0 | F6: =SUM(F7:F5000) -> 0 | G6: =SUM(G7:G5000) -> 0 | H6: =SUM(H7:H5000) -> 0 | J6: =SUM(J7:J5000) -> 0 | L6: =SUM(L7:L5000) -> 0 | M6: =SUM(M7:M5000) -> 0 | N6: =SUM(N7:N5000) -> 0
M7: =L7-N7 -> 0 | N7: =L7/(INDEX('Tax Rates'!$B$2:$B$14,MATCH('1 Directions'!$B$17,'Tax Rates'!$A$2:$A$14,0))+1) -> 0
M8: =L8-N8 -> 0 | N8: =L8/(INDEX('Tax Rates'!$B$2:$B$14,MATCH('1 Directions'!$B$17,'Tax Rates'!$A$2:$A$14,0))+1) -> 0
M9: =L9-N9 -> 0 | N9: =L9/(INDEX('Tax Rates'!$B$2:$B$14,MATCH('1 Directions'!$B$17,'Tax Rates'!$A$2:$A$14,0))+1) -> 0
M10: =L10-N10 -> 0 | N10: =L10/(INDEX('Tax Rates'!$B$2:$B$14,MATCH('1 Directions'!$B$17,'Tax Rates'!$A$2:$A$14,0))+1) -> 0
M11: =L11-N11 -> 0 | N11: =L11/(INDEX('Tax Rates'!$B$2:$B$14,MATCH('1 Directions'!$B$17,'Tax Rates'!$A$2:$A$14,0))+1) -> 0
M12: =L12-N12 -> 0 | N12: =L12/(INDEX('Tax Rates'!$B$2:$B$14,MATCH('1 Directions'!$B$17,'Tax Rates'!$A$2:$A$14,0))+1) -> 0
M13: =L13-N13 -> 0 | N13: =L13/(INDEX('Tax Rates'!$B$2:$B$14,MATCH('1 Directions'!$B$17,'Tax Rates'!$A$2:$A$14,0))+1) -> 0
M14: =L14-N14 -> 0 | N14: =L14/(INDEX('Tax Rates'!$B$2:$B$14,MATCH('1 Directions'!$B$17,'Tax Rates'!$A$2:$A$14,0))+1) -> 0
M15: =L15-N15 -> 0 | N15: =L15/(INDEX('Tax Rates'!$B$2:$B$14,MATCH('1 Directions'!$B$17,'Tax Rates'!$A$2:$A$14,0))+1) -> 0
M16: =L16-N16 -> 0 | N16: =L16/(INDEX('Tax Rates'!$B$2:$B$14,MATCH('1 Directions'!$B$17,'Tax Rates'!$A$2:$A$14,0))+1) -> 0
M17: =L17-N17 -> 0 | N17: =L17/(INDEX('Tax Rates'!$B$2:$B$14,MATCH('1 Directions'!$B$17,'Tax Rates'!$A$2:$A$14,0))+1) -> 0
M18: =L18-N18 -> 0 | N18: =L18/(INDEX('Tax Rates'!$B$2:$B$14,MATCH('1 Directions'!$B$17,'Tax Rates'!$A$2:$A$14,0))+1) -> 0
... M1000: =L1000-N1000 -> 0 | N1000: =L1000/(INDEX('Tax Rates'!$B$2:$B$14,MATCH('1 Directions'!$B$17,'Tax Rates'!$A$2:$A$14,0))+1) -> 0

Sheet 5 Summary
A1: T2125 Summary
A3: Business Income-Expenses | E3: Business Use of Home
A4: Line | B4: Description | C4: Amount | E4: Description | F4: Amount
B5: ='2 Business Income-Expenses'!D5 -> Income | C5: ='2 Business Income-Expenses'!D6 -> 0 | E5: ='3 Business Use of Home'!C3 -> Business Use | F5: ='3 Business Use of Home'!E3 -> 0
B6: ='2 Business Income-Expenses'!E5 -> GST Recv'd | C6: ='2 Business Income-Expenses'!E6 -> 0 | E6: ='3 Business Use of Home'!F3 -> Total Sq. Footage | F6: ='3 Business Use of Home'!H3 -> 0
E7: ='3 Business Use of Home'!I3 -> % Claim Allowable | F7: ='3 Business Use of Home'!K3
A8: ='2 Business Income-Expenses'!G4 -> 8300 | B8: ='2 Business Income-Expenses'!G5 -> Open Inventory | C8: ='2 Business Income-Expenses'!G6 -> 0
A9: ='2 Business Income-Expenses'!H4 -> 8320 | B9: ='2 Business Income-Expenses'!H5 -> Purchases | C9: ='2 Business Income-Expenses'!H6 -> 0 | E9: ='3 Business Use of Home'!C5 -> Heat | F9: ='3 Business Use of Home'!C6 -> 0
A10: ='2 Business Income-Expenses'!I4 -> 8340 | B10: ='2 Business Income-Expenses'!I5 -> Direct Wages | C10: ='2 Business Income-Expenses'!I6 -> 0 | E10: ='3 Business Use of Home'!D5 -> Electricity | F10: ='3 Business Use of Home'!D6 -> 0
A11: ='2 Business Income-Expenses'!J4 -> 8360 | B11: ='2 Business Income-Expenses'!J5 -> Subcontracts | C11: ='2 Business Income-Expenses'!J6 -> 0 | E11: ='3 Business Use of Home'!E5 -> Insurance | F11: ='3 Business Use of Home'!E6 -> 0
A12: ='2 Business Income-Expenses'!K4 -> 8450 | B12: ='2 Business Income-Expenses'!K5 -> Other Costs | C12: ='2 Business Income-Expenses'!K6 -> 0 | E12: ='3 Business Use of Home'!F5 -> Maintenance | F12: ='3 Business Use of Home'!F6 -> 0
A13: ='2 Business Income-Expenses'!L4 -> 8500 | B13: ='2 Business Income-Expenses'!L5 -> Close Inventory | C13: ='2 Business Income-Expenses'!L6 -> 0 | E13: ='3 Business Use of Home'!G5 -> Mortgage Interest | F13: ='3 Business Use of Home'!G6 -> 0
E14: ='3 Business Use of Home'!H5 -> Property Taxes | F14: ='3 Business Use of Home'!H6 -> 0
A15: ='2 Business Income-Expenses'!N4 -> 8521 | B15: ='2 Business Income-Expenses'!N5 -> Advertising | C15: ='2 Business Income-Expenses'!N6 -> 0 | E15: ='3 Business Use of Home'!I5 -> Water / Waste | F15: ='3 Business Use of Home'!I6 -> 0
A16: ='2 Business Income-Expenses'!O4 -> 8523 | B16: ='2 Business Income-Expenses'!O5 -> Meals | C16: ='2 Business Income-Expenses'!O6 -> 0 | E16: ='3 Business Use of Home'!J5 -> Other | F16: ='3 Business Use of Home'!J6 -> 0
A17: ='2 Business Income-Expenses'!P4 -> 8590 | B17: ='2 Business Income-Expenses'!P5 -> Bad Debts | C17: ='2 Business Income-Expenses'!P6 -> 0 | E17: ='3 Business Use of Home'!K5 -> Other | F17: ='3 Business Use of Home'!K6 -> 0
A18: ='2 Business Income-Expenses'!Q4 -> 8690 | B18: ='2 Business Income-Expenses'!Q5 -> Insurance | C18: ='2 Business Income-Expenses'!Q6 -> 0 | E18: ='3 Business Use of Home'!L5 -> Other | F18: ='3 Business Use of Home'!L6 -> 0
A19: ='2 Business Income-Expenses'!R4 -> 8710 | B19: ='2 Business Income-Expenses'!R5 -> Interest | C19: ='2 Business Income-Expenses'!R6 -> 0 | E19: ='3 Business Use of Home'!M5 -> GST Included | F19: ='3 Business Use of Home'!M6 -> 0
A20: ='2 Business Income-Expenses'!S4 -> 8760 | B20: ='2 Business Income-Expenses'!S5 -> Fees, Licenses | C20: ='2 Business Income-Expenses'!S6 -> 0 | E20: GST Claimed | F20: =F19*F7 -> #VALUE!
A21: ='2 Business Income-Expenses'!T4 -> 8810 | B21: ='2 Business Income-Expenses'!T5 -> Office | C21: ='2 Business Income-Expenses'!T6 -> 0
A22: ='2 Business Income-Expenses'!U4 -> 8811 | B22: ='2 Business Income-Expenses'!U5 -> Supplies | C22: ='2 Business Income-Expenses'!U6 -> 0
A23: ='2 Business Income-Expenses'!V4 -> 8860 | B23: ='2 Business Income-Expenses'!V5 -> Legal/Acct | C23: ='2 Business Income-Expenses'!V6 -> 0 | E23: Motor Vehicle Expenses
A24: ='2 Business Income-Expenses'!W4 -> 8871 | B24: ='2 Business Income-Expenses'!W5 -> Mgmt/Admin | C24: ='2 Business Income-Expenses'!W6 -> 0 | E24: Description | F24: Amount
A25: ='2 Business Income-Expenses'!X4 -> 8910 | B25: ='2 Business Income-Expenses'!X5 -> Rent | C25: ='2 Business Income-Expenses'!X6 -> 0 | E25: ='4 Motor Vehicle Expenses'!A3 -> Business km's driven | F25: ='4 Motor Vehicle Expenses'!D3
A26: ='2 Business Income-Expenses'!Y4 -> 8960 | B26: ='2 Business Income-Expenses'!Y5 -> Maint | C26: ='2 Business Income-Expenses'!Y6 -> 0 | E26: ='4 Motor Vehicle Expenses'!E3 -> Total km's driven | F26: ='4 Motor Vehicle Expenses'!G3 -> 0
A27: ='2 Business Income-Expenses'!Z4 -> 9060 | B27: ='2 Business Income-Expenses'!Z5 -> Wages | C27: ='2 Business Income-Expenses'!Z6 -> 0 | E27: ='4 Motor Vehicle Expenses'!H3 -> % Claim Allowable | F27: ='4 Motor Vehicle Expenses'!J3
A28: ='2 Business Income-Expenses'!AA4 -> 9180 | B28: ='2 Business Income-Expenses'!AA5 -> Property Tax | C28: ='2 Business Income-Expenses'!AA6 -> 0
A29: ='2 Business Income-Expenses'!AB4 -> 9200 | B29: ='2 Business Income-Expenses'!AB5 -> Travel | C29: ='2 Business Income-Expenses'!AB6 -> 0 | E29: ='4 Motor Vehicle Expenses'!C5 -> Fuel | F29: ='4 Motor Vehicle Expenses'!C6 -> 0
A30: ='2 Business Income-Expenses'!AC4 -> 9220 | B30: ='2 Business Income-Expenses'!AC5 -> Phone/Utilities | C30: ='2 Business Income-Expenses'!AC6 -> 0 | E30: ='4 Motor Vehicle Expenses'!D5 -> Insurance | F30: ='4 Motor Vehicle Expenses'!D6 -> 0
A31: ='2 Business Income-Expenses'!AD4 -> 9224 | B31: ='2 Business Income-Expenses'!AD5 -> Fuel | C31: ='2 Business Income-Expenses'!AD6 -> 0 | E31: ='4 Motor Vehicle Expenses'!E5 -> License / Registration | F31: ='4 Motor Vehicle Expenses'!E6 -> 0
A32: ='2 Business Income-Expenses'!AE4 -> 9275 | B32: ='2 Business Income-Expenses'!AE5 -> Freight | C32: ='2 Business Income-Expenses'!AE6 -> 0 | E32: ='4 Motor Vehicle Expenses'!F5 -> Maintenance | F32: ='4 Motor Vehicle Expenses'!F6 -> 0
A33: ='2 Business Income-Expenses'!AF4 -> Other | B33: ='2 Business Income-Expenses'!AF5 -> 0 | C33: ='2 Business Income-Expenses'!AF6 -> 0 | E33: ='4 Motor Vehicle Expenses'!G5 -> Parking | F33: ='4 Motor Vehicle Expenses'!G6 -> 0
A34: ='2 Business Income-Expenses'!AG4 -> Other | B34: ='2 Business Income-Expenses'!AG5 -> 0 | C34: ='2 Business Income-Expenses'!AG6 -> 0 | E34: ='4 Motor Vehicle Expenses'!H5 -> Supplemental Insurance | F34: ='4 Motor Vehicle Expenses'!H6 -> 0
A35: ='2 Business Income-Expenses'!AH4 -> Other | B35: ='2 Business Income-Expenses'!AH5 -> 0 | C35: ='2 Business Income-Expenses'!AH6 -> 0 | E35: ='4 Motor Vehicle Expenses'!J5 -> GST Included | F35: ='4 Motor Vehicle Expenses'!J6 -> 0
B36: ='2 Business Income-Expenses'!AJ5 -> GST Paid | C36: ='2 Business Income-Expenses'!AJ6 -> 0 | E36: GST Claimed | F36: =F35*F27 -> #VALUE!

Sheet Tax Rates
A1: Prov | B1: Rate
A2: AB | B2: 0.05
A3: BC | B3: 0.05
A4: MB | B4: 0.05
A5: NB | B5: 0.15
A6: NL | B6: 0.15
A7: NS | B7: 0.14
A8: NVT | B8: 0.05
A9: NWT | B9: 0.05
A10: ON | B10: 0.13
A11: PE | B11: 0.15
A12: QC | B12: 0.05
A13: SK | B13: 0.05
A14: YT | B14: 0.05
